 Dungeon Crawl Stone Soup version 0.21-a0-135-g8dc100c (webtiles) character file.

8309 grindst0ne the Merchant of Misery (level 11, -8/153 HPs)
             Began as a Hill Orc Necromancer on July 17, 2017.
             Was a Believer of Kikubaaqudgha.
             Mangled by a cyclops (16 damage)
             ... on level 14 of the Dungeon on July 18, 2017.
             The game lasted 00:42:27 (13315 turns).

grindst0ne the Merchant of Misery (HONe)           Turns: 13315, Time: 00:42:27

Health: -8/153     AC: 25    Str: 17    XL:     11   Next: 28%
Magic:  13/13      EV:  2    Int: 18    God:    Kikubaaqudgha [**....]
Gold:   545        SH:  0    Dex: 11    Spells: 1/13 levels left

rFire    . . .     SeeInvis .   k - +2 short sword (venom)
rCold    . . .     Gourm    .   (no shield)
rNeg     + + +     Faith    .   (armour currently unavailable)
rPois    +         Spirit   .   (helmet currently unavailable)
rElec    .         Reflect  .   (cloak currently unavailable)
rCorr    .         Harm     .   (gloves currently unavailable)
MR       .....     NoTele   +   (boots currently unavailable)
Stlth    +.........             C - amulet of regeneration
HPRegen  0.75/turn              H - +2 ring of evasion
MPRegen  0.13/turn              (no ring)

@: mighty, tree-form, very slightly contaminated, hasted, heavily drained,
invisible, very quick
A: no striking features
a: Receive Corpses, Renounce Religion


You were on level 14 of the Dungeon.
You worshipped Kikubaaqudgha.
Kikubaaqudgha was pleased with you.
You were not hungry.
You were a tree.
You visited 2 branches of the dungeon, and saw 13 of its levels.

You collected 545 gold pieces.

Inventory:

Hand Weapons
 k - a +2 short sword of venom (weapon)
 O - a +0 war axe
Missiles
 l - 2 throwing nets (quivered)
Armour
 i - a +2 helmet (melded)
 n - a +10 plate armour of ponderousness
 u - a +0 leather armour (melded)
 y - a +0 cloak (melded)
 K - a +1 pair of gloves (melded)
Jewellery
 C - an amulet of regeneration (around neck)
 H - a +2 ring of evasion (left branch)
Wands
 v - a wand of paralysis (0/24)
 A - a wand of random effects (0/48)
 F - a wand of iceblast (0/15)
Scrolls
 d - 3 scrolls of enchant armour
 f - 5 scrolls of enchant weapon
 g - 3 scrolls of fog {unknown}
 h - 4 scrolls of remove curse
 j - 2 scrolls of teleportation
 m - 5 scrolls of fear {unknown}
 o - 4 scrolls of recharging {unknown}
 r - 4 scrolls of amnesia {unknown}
 t - a scroll of magic mapping {unknown}
 w - a scroll of immolation {unknown}
 E - 2 scrolls of noise {unknown}
 L - 2 scrolls of random uselessness {unknown}
 M - 8 scrolls of identify
Potions
 e - 2 potions of haste
 p - 3 potions of mutation
 J - a potion of ambrosia {unknown}
 N - a potion of magic {unknown}
Books
 a - Kikubaaqudgha's Papyrus of Evil
   (Kikubaaqudgha gifted it to you on level 7 of the Dungeon)

   Spells                             Type                      Level
   a - Animate Skeleton               Necromancy                   1
   b - Corpse Rot                     Necromancy                   2
   c - Sublimation of Blood           Necromancy                   2
   d - Regeneration                   Charms/Necromancy            3
   e - Control Undead                 Necromancy                   4
 b - a book of Necromancy

   Spells                             Type                      Level
   a - Pain                           Necromancy                   1
   b - Animate Skeleton               Necromancy                   1
   c - Vampiric Draining              Necromancy                   3
   d - Regeneration                   Charms/Necromancy            3
   e - Animate Dead                   Necromancy                   4
   f - Control Undead                 Necromancy                   4
 I - a book of Battle

   Spells                             Type                      Level
   a - Infusion                       Charms                       1
   b - Shroud of Golubria             Charms/Translocation         2
   c - Song of Slaying                Charms                       2
   d - Spectral Weapon                Hexes/Charms                 3
   e - Regeneration                   Charms/Necromancy            3
Comestibles
 c - a bread ration
 x - 6 meat rations
 z - 3 fruits
 B - 2 royal jellies


   Skills:
 - Level 11.0(9.3) Fighting
 - Level 10.4(8.8) Armour
 - Level 1.5(0.2) Dodging
 - Level 1.5(0.2) Stealth
 - Level 1.5(0.2) Spellcasting
 + Level 11.4(9.7) Necromancy


You had one spell level left.
You knew the following spells:

 Your Spells              Type           Power        Failure   Level  Hunger
a - Pain                  Necr           ####         1%          1    ##.....
b - Animate Skeleton      Necr           N/A          1%          1    ##.....
c - Vampiric Draining     Necr           #####.....   1%          3    ####...
d - Regeneration          Chrm/Necr      ###.......   9%          3    ####...
e - Animate Dead          Necr           N/A          3%          4    #####..


Dungeon Overview and Level Annotations

Branches:
Dungeon (11/15)            Temple (1/1) D:7            Lair (0/6) D:8
    Orc (0/2) D:10

Altars:
Ashenzari
Cheibriados
Dithmenos
Elyvilon
Fedhas
Gozag
Hepliaklqana
Kikubaaqudgha
Makhleb
Okawaru
Qazlal
Trog
Uskayaw
Vehumet
Wu Jian
Xom
Yredelemnul
Zin
The Shining One

Shops:
D:5 (   D:7 }


Message History

You turn into a tree.
Your +0 cloak melds into your body.
Your +2 helmet melds into your body.
Your +1 pair of gloves melds into your body.
Your +0 leather armour melds into your body.
Your roots penetrate the ground.
The cyclops hits you but does no damage.
You feel very mighty all of a sudden. The cyclops hits you!!
* * * LOW HITPOINT WARNING * * *
You fade into invisibility!
You are very lightly contaminated with residual magic.
You feel yourself speed up. The cyclops hits you.
* * * LOW HITPOINT WARNING * * *
You puncture the cyclops!
The cyclops is lightly wounded.
You puncture the cyclops!
The cyclops looks as sick as possible!
The cyclops is moderately wounded.
The cyclops hits you!
You die...
Kikubaaqudgha rasps: "You have failed me!
Welcome... death!"

#§ ≈≈. ..# #.#
##.# #.#.!.#
#.$)DC##
......... #♣#
...?.....
##..≈#.........
.≈≈#........#
≈§##........#
≈## ........#
## ........#
........####
........(((.
......((...(


You could see a six-headed hydra and a cyclops.

Vanquished Creatures
  A two-headed ogre (D:9)
  Sonja (D:10)
  A kobold demonologist (D:7)
  2 trolls
  Grinder (D:6)
  Prince Ribbit (D:6)
  2 hippogriffs
  2 wyverns
  Grum (D:7)
  A hungry ghost (D:11)
  A warg (D:10)
  2 hell hounds (D:8)
  Duvessa (D:6)
  3 orc warriors
  4 sky beasts
  4 ice beasts
  An eye of draining (D:10)
  3 ogres
  3 necrophages (D:6)
  3 wolves
  2 centaurs
  2 crocodiles
  A big kobold (D:7)
  Blork the orc (D:6)
  2 bullfrogs (D:6)
  Dowan (D:6)
  11 killer bees
  A water moccasin skeleton (D:10)
  3 wights
  A howler monkey (D:5)
  9 crimson imps
  A bullfrog zombie (D:5)
  Crazy Yiuf (D:5)
  6 hounds
  6 orc priests
  3 jellies
  6 orc wizards
  A gnoll shaman (D:4)
  An iguana (D:4)
  3 worker ants
  A hound skeleton (D:8)
  A howler monkey skeleton (D:8)
  8 gnolls (D:4)
  9 adders
  A shadow imp (D:8)
  An ooze (D:5)
  2 adder skeletons
  3 worms
  2 dart slugs
  5 leopard geckos
  35 orcs
  6 giant cockroaches
  6 hobgoblins
  17 jackals
  7 quokkas
  3 ball pythons
  8 bats
  3 frilled lizards
  6 goblins
  11 kobolds
  5 rats
240 creatures vanquished.

Vanquished Creatures (collateral kills)
  A hungry ghost (D:10)
  An ogre (D:9)
  A killer bee (D:8)
  A bullfrog skeleton (D:6)
  A leopard gecko (D:2)
  3 goblins (D:2)
  A jackal (D:4)
  A rat (D:3)
10 creatures vanquished.

Grand Total: 250 creatures vanquished

Notes
Turn   | Place    | Note
-------+----------+-------------------------------------------
     0 | D:1      | grindst0ne the Hill Orc Necromancer began the quest for the Orb.
     0 | D:1      | Reached XP level 1. HP: 14/14 MP: 3/3
   144 | D:1      | Reached skill level 1 in Fighting
   553 | D:1      | Reached XP level 2. HP: 22/24 MP: 0/4
  1225 | D:1      | Learned a level 1 spell: Animate Skeleton
  1482 | D:2      | Reached XP level 3. HP: 31/31 MP: 5/5
  1492 | D:2      | Found a snail-covered altar of Cheibriados.
  1671 | D:2      | Found a glowing golden altar of the Shining One.
  2058 | D:3      | Reached XP level 4. HP: 40/40 MP: 6/6
  2404 | D:3      | Reached skill level 5 in Fighting
  2574 | D:4      | Reached XP level 5. HP: 46/48 MP: 7/7
  2643 | D:4      | Learned a level 3 spell: Vampiric Draining
  3033 | D:4      | Reached XP level 6. HP: 48/58 MP: 8/8
  3079 | D:4      | Found a shattered altar of Ashenzari.
  3581 | D:4      | Found a basalt altar of Yredelemnul.
  3583 | D:4      | Found a shadowy altar of Dithmenos.
  3819 | D:5      | Entered Level 5 of the Dungeon
  4042 | D:5      | Found an opulent altar of Gozag.
  4126 | D:5      | Found Icwafoss's Weapon Shoppe.
  4228 | D:5      | Reached XP level 7. HP: 56/69 MP: 9/9
  4807 | D:5      | Found a runed door.
  4811 | D:5      | Noticed Crazy Yiuf
  4822 | D:5      | Killed Crazy Yiuf
  4874 | D:6      | Found an ornate altar of the Wu Jian Council.
  4874 | D:6      | Noticed Grinder
  4882 | D:6      | Paralysed by Grinder for 4 turns
  4907 | D:6      | Killed Grinder
  4907 | D:6      | Reached skill level 10 in Fighting
  4998 | D:6      | Reached XP level 8. HP: 34/79 MP: 10/10
  5294 | D:6      | Learned a level 3 spell: Regeneration
  5540 | D:6      | Reached skill level 1 in Armour
  5577 | D:6      | Found a hide-covered altar of Uskayaw.
  5735 | D:6      | Noticed Blork the orc
  5735 | D:6      | Noticed Prince Ribbit
  5748 | D:6      | Killed Blork the orc
  5758 | D:6      | Killed Prince Ribbit
  5859 | D:6      | Reached skill level 5 in Armour
  6277 | D:7      | Found an opulent altar of Gozag.
  6344 | D:7      | Noticed Duvessa
  6358 | D:6      | Reached XP level 9. HP: 67/85 MP: 11/11
  6487 | D:7      | Noticed Dowan
  6493 | D:7      | Noticed a kobold demonologist
  6499 | D:7      | Noticed a red devil
  6507 | D:6      | Killed Duvessa
  6509 | D:6      | Killed Dowan
  6652 | D:7      | Found Xaas's Gadget Shoppe.
  6884 | D:7      | Found a staircase to the Ecumenical Temple.
  6894 | Temple   | Entered the Ecumenical Temple
  7017 | Temple   | Became a worshipper of Kikubaaqudgha
  7087 | D:7      | Killed a kobold demonologist
  7372 | D:8      | Found a staircase to the Lair.
  8041 | D:7      | Reached skill level 10 in Armour
  8559 | D:8      | Found a hazy altar of Hepliaklqana.
  8560 | D:8      | Found a radiant altar of Vehumet.
  8676 | D:8      | Reached skill level 5 in Necromancy
  8676 | D:8      | Reached XP level 10. HP: 22/95 MP: 12/12
  8813 | D:8      | Found a glowing silver altar of Zin.
  8907 | D:8      | Noticed Grum
  8948 | D:7      | Reached * piety under Kikubaaqudgha
  8948 | D:7      | Identified Kikubaaqudgha's Papyrus of Evil (Kikubaaqudgha gifted it to you on level 7 of the Dungeon)
  8948 | D:7      | Received a gift from Kikubaaqudgha
  8965 | D:7      | Learned a level 4 spell: Animate Dead
  9187 | D:7      | Killed Grum
 10067 | D:9      | Noticed a two-headed ogre
 10091 | D:9      | Killed a two-headed ogre
 10449 | D:9      | Found a stormy altar of Qazlal.
 10692 | D:9      | Noticed a cyan ugly thing
 10701 | D:10     | Entered Level 10 of the Dungeon
 10710 | D:10     | Found a shimmering altar of Xom.
 10740 | D:10     | Reached ** piety under Kikubaaqudgha
 11444 | D:9      | Reached skill level 10 in Necromancy
 11579 | D:10     | Reached XP level 11. HP: 89/102 MP: 13/13
 11703 | D:10     | Noticed Sonja
 11712 | D:10     | Killed Sonja
 11963 | D:10     | Found a staircase to the Orcish Mines.
 13292 | D:11     | You fall through a shaft for 3 floors!
 13292 | D:14     | Noticed a centaur warrior
 13300 | D:14     | Noticed a cyclops
 13305 | D:14     | Noticed a six-headed hydra
 13313 | D:14     | HP: 7/153 [cyclops (5)]
 13315 | D:14     | Mangled by a cyclops

Vault maps used:
D:1:      lemuel_arrival_broad_hall
D:2:      kennysheep_slug_shrine, tso_metal_star
D:3:      first_bread
D:4:      minmay_wonky_spiral, evilmike_ruin_ashenzari,
          nicolae_overflow_hidden_temple, hex_large, kennysheep_small_circle
D:5:      kennysheep_little_box, serial_shops, nicolae_shop_statue_plus,
          uniq_crazy_yiuf_cottage
D:6:      nicolae_overflow_crystal_walls, basic_altar, uniq_blork_the_orc,
          uniq_grinder, uniq_prince_ribbit1
D:7:      minmay_temple_entry_grid, basic_altar, serial_shops, shop,
          grunt_ogre_cave, uniq_duvessa
D:8:      lemuel_round_altar, grunt_temple_overflow_open,
          minmay_lair_entry_lava, uniq_grum
D:9:      marbit_many_paths, uniq_joseph
D:10:     david_orc_1_choice, basic_altar, kennysheep_generic_room_4, uniq_sonja
D:14:     david_vaults_2, portal_ice_cave_entry_pillars_2,
          nicolae_ru_awakened_eye, minmay_item_behind_shaft,
          eino_small_chamber_without_monster, kennysheep_inner_square
Temple:   minmay_temple_curvy_loop

Skill      XL: |  1  2  3  4  5  6  7  8  9 10 11 |
---------------+----------------------------------+-----
Fighting       | 1 3 4 5 6 8 10 11 | 11.0
Armour         | 6 10 | 10.4
Necromancy     | 5 10 11 | 11.4
Dodging        | |  1.5
Stealth        | |  1.5
Spellcasting   | |  1.5

Action                   |  1- 3 |  4- 6 |  7- 9 | 10-12 || total
-------------------------+-------+-------+-------+-------++-------
Melee: Unarmed           |    15 |       |       |       ||    15
       Club              |    10 |       |       |       ||    10
       Whip              |    34 |       |       |       ||    34
       Short sword       |    50 |   171 |   349 |   458 ||  1028
 Cast: Pain              |    31 |    11 |    28 |    36 ||   106
       Animate Skeleton  |     6 |    20 |     7 |     7 ||    40
       Vampiric Draining |       |     3 |    13 |    35 ||    51
       Animate Dead      |       |       |       |     1 ||     1
       Regeneration      |       |       |       |     1 ||     1
Invok: Receive Corpses   |       |       |       |     3 ||     3
Evoke: Wand              |       |       |     9 |     7 ||    16
  Use: Potion            |       |     4 |     6 |    11 ||    21
       Scroll            |       |       |    10 |     6 ||    16
 Stab: Sleeping          |     3 |     2 |     1 |       ||     6
       Distracted        |       |     1 |     2 |       ||     3
       Invisible         |       |       |     1 |       ||     1
  Eat: Chunk             |     5 |     8 |    13 |    11 ||    37
       Bread ration      |       |       |     1 |     5 ||     6
Armor: Robe              |    51 |     3 |       |       ||    54
       Leather armour    |       |    62 |   168 |   253 ||   483
       Skin              |       |       |       |     1 ||     1
Dodge: Dodged            |   100 |   108 |   294 |   338 ||   840
